Cogmind - Beta 14 @@@ ROGUE MODE // 2024.10.24 @ 14:19:31 Player: WazdakkaGutsmek Result: Destroyed by Y-54 Guardian with Gatling Laser Performance ------------- Evolutions (3) 1500 Regions Visited (11) 2200 Robots Destroyed (152) 760 Value Destroyed (5287) 5287 Prototype IDs (28) 560 Alien Tech Used (0) 0 Bonus (2479) 2479 TOTAL SCORE: 12786 Bonus ------- High Alert Combat Kills 420 Follower Combat Kills 1581 Entered Garrisons 200 Aligned with FarCom 300 Friendly Fire -22 Cogmind --------- Core Integrity 0/700 Matter 300/300 Energy 100/100 System Corruption 0% Temperature Cool (33) Movement Core (1400) Ox27 Location -7/Garrison Parts ------- > --- POWER (1) -------- (None) > --- PROPULSION (3) --- (None) > --- UTILITY (6) ------ Huge Storage Unit Target Analyzer Graphene Brace > --- WEAPON (3) ------- Katana > --- INVENTORY (25) --- Micro Nuclear Core Aluminum Leg Aluminum Leg Coolant Injector Huge Storage Unit High-capacity Matter Pod (200) Weapon Cycler Hardened Medium Armor Plating Hacking Suite Relay Coupler [NC] (26) Relay Coupler [NC] (30) Relay Coupler [Grunt] (28) Relay Coupler [Grunt] (26) Relay Coupler [Grunt] (22) Relay Coupler [Specialist] (22) PD Laser Datajack Remote Datajack Remote Datajack Peak State ------------ > --- POWER ------------ (None) > --- PROPULSION ------- Improved Heavy Treads Aluminum Leg > --- UTILITY ---------- Improved Heat Sink Huge Storage Unit Target Analyzer Transmission Jammer Graphene Brace > --- WEAPON ----------- PD Laser > --- INVENTORY -------- Micro Nuclear Core Aluminum Leg Aluminum Leg Coolant Injector Huge Storage Unit High-capacity Matter Pod Weapon Cycler Hardened Medium Armor Plating Hacking Suite Relay Coupler [NC] Relay Coupler [Grunt] Relay Coupler [Grunt] Relay Coupler [Grunt] Relay Coupler [Specialist] PD Laser Datajack Remote Datajack Remote Datajack Katana [Rating: 61] Favorites ----------- Power Light Nuclear Core Engine Reinforced Deuterium Engine Power Core Light Nuclear Core Propulsion Light Treads Treads Light Treads Leg Aluminum Leg Utility Huge Storage Unit Device Improved Heat Sink Storage Huge Storage Unit Processor Target Analyzer Protection Light Armor Plating Weapon Improved Light Cannon Energy Gun Heavy EM Shotgun Energy Cannon Beam Cannon Ballistic Gun Gauss Rifle Ballistic Cannon Improved Light Cannon Launcher Grenade Launcher Slashing Weapon Katana Special Melee Weapon Datajack Build | -11 -10 -10 -9 -9 -9 -8 -8 -7 -7 -7 -7 ------- Run | Yrd Mat Min Mat Min Exi Min Mat Fac Was Fac Gar Slots Evolved 6 | . . . 2 . . . 2 2 . . . Power . | . . . . . . . . . . . . Propulsion 1 | . . . 1 . . . . . . . . Utility 4 | . . . . . . . 2 2 . . . Weapon 1 | . . . 1 . . . . . . . . Parts Attached 106 | . 11 . 5 3 14 1 39 9 . 4 20 Power 10 | . 3 . . 1 2 . 3 . . . 1 Engine 5 | . 1 . . . 1 . 3 . . . . Core 5 | . 2 . . 1 1 . . . . . 1 Reactor . | . . . . . . . . . . . . Propulsion 26 | . 3 . 1 . 3 . 9 4 . . 6 Treads 22 | . 3 . 1 . 3 . 9 4 . . 2 Leg 4 | . . . . . . . . . . . 4 Wheel . | . . . . . . . . . . . . Hover . | . . . . . . . . . . . . Flight . | . . . . . . . . . . . . Utility 19 | . 1 . 1 . 3 . 7 2 . 3 2 Device 8 | . . . . . 1 . 2 1 . 2 2 Storage 2 | . 1 . . . 1 . . . . . . Processor 1 | . . . . . . . 1 . . . . Hackware . | . . . . . . . . . . . . Protection 8 | . . . 1 . 1 . 4 1 . 1 . Artifact . | . . . . . . . . . . . . Weapon 51 | . 4 . 3 2 6 1 20 3 . 1 11 Energy Gun 15 | . . . 1 . . . 10 . . . 4 Energy Cannon 4 | . 1 . . . . . 2 . . . 1 Ballistic Gun 14 | . 2 . . . . 1 2 3 . 1 5 Ballistic Cannon 9 | . . . 2 1 4 . 2 . . . . Launcher 6 | . 1 . . 1 2 . 2 . . . . Special Weapon . | . . . . . . . . . . . . Impact Weapon . | . . . . . . . . . . . . Slashing Weapon 2 | . . . . . . . 1 . . . 1 Piercing Weapon . | . . . . . . . . . . . . Special Melee Weapon 1 | . . . . . . . 1 . . . . Unidentified Prototypes 5 | . . . . . . . 4 . . . 1 Corrupted Parts 5 | . . . . . . . 5 . . . . System Corruption 24 | . . . . . . . 24 . . . . Parts Lost 42 | . . . . . 8 . 11 6 . . 17 Power 4 | . . . . . 1 . 1 . . . 2 Propulsion 14 | . . . . . 2 . 4 3 . . 5 Utility 8 | . . . . . 1 . 1 2 . . 4 Weapon 16 | . . . . . 4 . 5 1 . . 6 Highest Loss Streak 5 | . . . . . 5 . 4 5 . . 5 To Critical Strikes . | . . . . . . . . . . . . Average Slot Usage (%) 84 | . 80 85 83 100 78 82 87 81 84 97 83 Engine 3 | . 1 . . . 3 . 6 7 7 7 1 Core 5 | . 12 14 11 11 6 11 2 . . . 2 Treads 22 | . 24 28 29 33 24 33 25 18 23 23 7 Leg 2 | . 3 . . . . . . . . . 12 Device 8 | . . . . . . . 8 14 15 22 22 Storage 9 | . 14 14 11 11 10 11 9 7 7 7 7 Processor 3 | . . . . . . . 6 7 7 7 7 Protection 3 | . . . 1 11 6 . 4 2 . 5 1 Energy Gun 5 | . . . 8 11 2 . 15 . . . 3 Energy Cannon 3 | . 10 14 8 . . . . . . . 2 Ballistic Gun 6 | . 12 14 6 . . 5 2 8 15 15 8 Ballistic Cannon 7 | . . . 7 21 20 22 5 13 7 7 1 Peak Build Rating 61 | . 9 9 15 15 17 17 33 42 40 48 61 Average Rating 23 | . 8 9 11 14 11 15 26 37 37 46 40 On Entrance 20 | 6 6 9 9 15 15 13 17 33 36 40 46 Naked Turns 11 | . . . . . 11 . . . . . . Heaviest Build 123 | 12 91 90 99 99 100 97 107 114 110 119 123 Greatest Support 75 | 20 40 40 60 60 60 60 60 60 60 60 75 Greatest Overweight (x) 29 | . 2 2 2 1 4 1 4 5 1 1 29 Average Overweight (x) 1 | . 1 2 1 1 . 1 1 1 1 1 2 Largest Inventory Capacity 25 | . 25 25 25 25 25 25 25 25 25 25 25 Average Capacity 24 | . 22 25 25 25 24 25 25 25 25 25 25 Most Carried 25 | . 9 9 8 9 11 7 16 17 23 25 25 Average Carried 11 | . 7 7 6 8 6 6 11 16 19 24 17 Final Capacity 25 | 8 25 25 25 25 25 25 25 25 25 25 25 Final Carried 23 | 6 8 7 8 8 7 6 15 17 23 23 21 Class Distribution -------------------- 34% | Mutant 30% | Scavenger-Skirmisher 11% | Tank 8% | Scavenger-Mutant 7% | Scavenger-Tank 3% | Scavenger-Gunner Dominant Class ---------------- Mutant | -10/Materials Mutant | -10/Mines Gunner | -9/Materials Tank | -9/Mines Mutant | -9/Exiles Scavenger-Skirmisher | -8/Mines Scavenger-Skirmisher | -8/Materials Scavenger-Skirmisher | -7/Factory Scavenger-Skirmisher | -7/Waste Scavenger-Gunner | -7/Factory Scavenger-Skirmisher | -7/Garrison Resources | -11 -10 -10 -9 -9 -9 -8 -8 -7 -7 -7 -7 ----------- Run | Yrd Mat Min Mat Min Exi Min Mat Fac Was Fac Gar Matter Collected 4694 | 197 334 24 37 137 395 51 1545 754 . 49 1171 Remotely . | . . . . . . . . . . . . Salvage Created 5725 | . 578 46 256 79 320 38 1884 835 . 47 1642 Parts 310 | . 40 3 15 12 19 7 138 29 . 3 44 Haulers Intercepted 8 | . 2 . . . . . 5 1 . . . Recyclers Shooed 2 | . 1 . . . . 1 . . . . . Parts Field Recycled . | . . . . . . . . . . . . Retrieved Matter . | . . . . . . . . . . . . Parts Self-Destructed . | . . . . . . . . . . . . Prevented . | . . . . . . . . . . . . Kills | -11 -10 -10 -9 -9 -9 -8 -8 -7 -7 -7 -7 ------- Run | Yrd Mat Min Mat Min Exi Min Mat Fac Was Fac Gar Combat Hostiles Destroyed 120 | . 13 3 4 5 14 3 34 19 . 1 24 Melee 1 | . . . . . . . . . . . 1 Guns 49 | . 8 2 2 1 . 2 13 7 . 1 13 Cannons 49 | . 2 1 2 1 9 1 14 12 . . 7 AOE 20 | . 3 . . 3 5 . 7 . . . 2 Classes Destroyed 16 | . 6 1 3 . 3 . 2 1 . . . Worker 10 | . 1 . . . . . 9 . . . . Builder 5 | . 1 . . . . . 4 . . . . Tunneler 1 | . . . . . . . 1 . . . . Hauler 8 | . 2 . . . . . 5 1 . . . Recycler 1 | . . . 1 . . . . . . . . Operator 2 | . . . 1 . . . 1 . . . . Watcher 6 | . 3 . . . . . 3 . . . . Swarmer 35 | . 6 2 . 4 . 3 9 4 . . 7 Grunt 54 | . 7 . 2 1 8 . 10 11 . . 15 Brawler 3 | . . . . . 2 . 1 . . . . Duelist 2 | . . . . . 1 . 1 . . . . Sentry 17 | . . . 2 . . . 9 3 . 1 2 Hunter 6 | . . . . . 3 . 3 . . . . Programmer 1 | . . . . . . . . 1 . . . Heavy 1 | . . . . . . . 1 . . . . Assembled 1 | . . 1 . . . . . . . . . Best Kill Streak 13 | . 6 3 3 4 7 3 8 13 . 1 4 Combat Bots Only 12 | . 3 3 2 4 7 3 5 12 . 1 4 Max Kills in Single Turn 4 | . 3 1 1 4 4 1 2 1 . 1 2 Gunslinging . | . . . . . . . . . . . . Exploded 4 | . 3 . . 3 4 . 1 . . . 2 Melee 1 | . . . . . . . . . . . 1 Uniques/NPCs Destroyed . | . . . . . . . . . . . . Combat | -11 -10 -10 -9 -9 -9 -8 -8 -7 -7 -7 -7 -------- Run | Yrd Mat Min Mat Min Exi Min Mat Fac Was Fac Gar Hostile Shots Fired 890 | . 66 21 13 3 77 8 232 160 . 33 277 Missed 273 | . 17 5 2 . 26 4 71 48 . 16 84 Damage Taken 8337 | . 630 160 146 24 847 36 2456 1216 . 121 2701 Core 1314 | . 149 35 32 . 65 . 327 114 . 28 564 Absorbed by Shields . | . . . . . . . . . . . . Redirected to Shielding 6 | . . . . . 6 . . . . . . Regen/Repaired (Parts) 187 | . 114 . . . . . 73 . . . . Core Remaining (%) 60 | 100 . 26 . . . 75 40 . . . . Volleys Fired 474 | . 54 8 12 3 29 6 149 42 . 4 167 Largest 3 | . 2 2 3 3 3 3 3 3 . 3 3 Hottest 156 | . 90 80 144 123 111 106 156 116 . 100 143 Shots Fired 955 | . 95 16 31 9 62 19 297 123 . 12 291 Gun 558 | . 71 8 11 3 . 6 175 50 . 8 226 Cannon 378 | . 22 8 20 5 56 13 112 73 . 4 65 Launcher 19 | . 2 . . 1 6 . 10 . . . . Special . | . . . . . . . . . . . . Kinetic 697 | . 67 8 17 5 56 19 157 123 . 12 233 Thermal 77 | . 22 8 7 . . . . . . . 40 Explosive 19 | . 2 . . 1 6 . 10 . . . . Electromagnetic 162 | . 4 . 7 3 . . 130 . . . 18 Robot Hit Streak 61 | . 13 4 12 2 8 6 13 6 . 8 61 Robot Miss Streak 6 | . 5 2 3 . 3 6 6 4 . 3 5 Penetration Max 1 | . . . . . . . 1 1 . . 1 Secondary Targets 6 | . 3 . . . . . 2 . . . 1 Max Gunslinging Chain 1 | . 1 . . . . . 1 . . . 1 Autonomous 26 | . . . . . . . . . . . 26 Shots Hit Robots 590 | . 56 10 22 1 34 7 164 73 . 9 214 Core Hits 384 | . 29 4 8 7 25 3 102 37 . 7 162 Critical Kills 5 | . . . . . . . . 2 . . 3 Critical Parts Destroyed 7 | . . . . . . . . 1 . . 6 Critical Strikes 22 | . . . . . 1 . 2 7 . 1 11 Burn 1 | . . . . . . . . . . . 1 Meltdown 1 | . . . . . . . . . . . 1 Destroy 11 | . . . . . . . . 3 . . 8 Blast 8 | . . . . . 1 . 2 4 . 1 . Sever 1 | . . . . . . . . . . . 1 Melee Attacks 8 | . . . . . . . 2 . . . 6 Impact . | . . . . . . . . . . . . Slashing 8 | . . . . . . . 2 . . . 6 Piercing . | . . . . . . . . . . . . Sneak Attacks . | . . . . . . . . . . . . Combat Hostiles . | . . . . . . . . . . . . Follow-up Attacks . | . . . . . . . . . . . . Damage Inflicted 12683 | . 920 158 370 123 1055 162 4223 1440 . 188 4044 Guns 6727 | . 589 36 119 26 . 61 2173 674 . 115 2934 Cannons 4117 | . 210 122 251 20 648 101 1070 766 . 73 856 Explosions 1665 | . 121 . . 77 407 . 972 . . . 88 Melee 166 | . . . . . . . . . . . 166 Ramming 8 | . . . . . . . 8 . . . . Kinetic 7575 | . 536 36 197 20 648 162 1409 1440 . 188 2939 Thermal 1530 | . 210 122 87 . . . 276 . . . 835 Explosive 1301 | . 121 . . 77 407 . 696 . . . . Electromagnetic 2103 | . 53 . 86 26 . . 1834 . . . 104 Impact . | . . . . . . . . . . . . Slashing 166 | . . . . . . . . . . . 166 Piercing . | . . . . . . . . . . . . Highest Corruption 29 | . . . . . 1 1 29 . . . . Average Corruption 5 | . . . . . 1 1 9 . . . . Corruption Purged . | . . . . . . . . . . . . Corruption Blocked . | . . . . . . . . . . . . Effects 97 | . . . . . 12 6 79 . . . . Message Errors 23 | . . . . . 3 1 19 . . . . Matter Fused 25 | . . . . . 4 3 18 . . . . Heat Flow Errors 7 | . . . . . . . 7 . . . . Energy Discharges 11 | . . . . . 2 1 8 . . . . Parts Rejected 3 | . . . . . . . 3 . . . . Parts Fused 2 | . . . . . 1 . 1 . . . . Data Loss (minor) 9 | . . . . . 2 . 7 . . . . Data Loss (major) 8 | . . . . . . . 8 . . . . Misfires 3 | . . . . . . 1 2 . . . . Alerts 1 | . . . . . . . 1 . . . . Misdirections 2 | . . . . . . . 2 . . . . Weapon Failures 3 | . . . . . . . 3 . . . . Overload Shots . | . . . . . . . . . . . . Overflow Damage 84 | . . . . . 7 . 13 . . . 64 Projectiles 15 | . . . . . . . 13 . . . 2 Explosions 41 | . . . . . 7 . . . . . 34 Melee 28 | . . . . . . . . . . . 28 Knockbacks 33 | . . . 1 . . 1 19 8 . 1 3 Impact . | . . . . . . . . . . . . Kinetic 31 | . . . 1 . . 1 18 7 . 1 3 Secondary 2 | . . . . . . . 1 1 . . . Self-Inflicted Damage 157 | . 30 . . . 39 . 40 . . . 48 Shots 4 | . 1 . . . 1 . 1 . . . 1 Rammed 1 | . . . . . . . 1 . . . . Targets Rammed 1 | . . . . . . . 1 . . . . Kicked . | . . . . . . . . . . . . Crushed . | . . . . . . . . . . . . Highest Temperature 246 | . 168 140 237 138 150 147 246 223 . 93 143 Average Temperature 55 | . 47 70 66 59 32 59 65 65 . 39 43 Received Heat Transfer 2427 | . 207 . 69 . . . 450 465 . 30 1206 Effects 4 | . . . 1 . . . 3 . . . . Energy Bleed 1 | . . . 1 . . . . . . . . Interference 3 | . . . . . . . 3 . . . . Siege Activations . | . . . . . . . . . . . . Robots Corrupted 1 | . . . . . . . 1 . . . . Combat Hostiles . | . . . . . . . . . . . . Parts Fried 19 | . . . . . . . 19 . . . . Impact Corruptions . | . . . . . . . . . . . . Robots Melted 1 | . . . . . . . . . . . 1 Combat Hostiles 1 | . . . . . . . . . . . 1 Parts Melted 1 | . . . . . . . . . . . 1 Heat Transferred 2413 | . 444 259 185 . . . 350 . . . 1175 Parts Sabotaged . | . . . . . . . . . . . . Parts Stolen . | . . . . . . . . . . . . Parts Stripped . | . . . . . . . . . . . . Power Chain Reactions 8 | . . . . 1 . . 6 . . . 1 Alert | -11 -10 -10 -9 -9 -9 -8 -8 -7 -7 -7 -7 ------- Run | Yrd Mat Min Mat Min Exi Min Mat Fac Was Fac Gar Peak Influence 1276 | . 165 65 128 146 . 85 775 586 175 182 1276 Initial 343 | . . . . 49 . . 33 343 175 122 8 Average 262 | . 49 5 39 82 . 40 333 353 175 76 570 Maximum Alert Level 4 | . . . . . . . 3 2 . . 4 Low Security (%) 53 | . 100 100 100 100 . 100 19 14 100 100 16 Level 1 24 | . . . . . . . 51 57 . . 24 Level 2 13 | . . . . . . . 20 28 . . 25 Level 3 6 | . . . . . . . 8 . . . 22 Level 4 2 | . . . . . . . . . . . 10 Level 5 . | . . . . . . . . . . . . High Security . | . . . . . . . . . . . . Max Security . | . . . . . . . . . . . . Squads Dispatched 17 | . 2 . 1 . . . 7 7 . . . Investigation 3 | . 1 . 1 . . . . 1 . . . Extermination 1 | . . . . . . . . 1 . . . Reinforcement 6 | . 1 . . . . . 3 2 . . . Assault 1 | . . . . . . . 1 . . . . Garrison 6 | . . . . . . . 3 3 . . . Intercept . | . . . . . . . . . . . . Searches Triggered . | . . . . . . . . . . . . Construction Impeded 2 | . . . . . . . 1 1 . . . Haulers Reinforced 1 | . . . . . . . . 1 . . . Active Scanning Responses . | . . . . . . . . . . . . Cargo Convoy Interrupts . | . . . . . . . . . . . . Stealth | -11 -10 -10 -9 -9 -9 -8 -8 -7 -7 -7 -7 --------- Run | Yrd Mat Min Mat Min Exi Min Mat Fac Was Fac Gar Distress Signals 5 | . 1 . . . . . 4 . . . . Communications Jammed . | . . . . . . . . . . . . Distress Signals . | . . . . . . . . . . . . Times Spotted 166 | . 18 3 7 6 31 3 46 19 1 2 30 Peak Tracking Total 7 | . 3 2 4 4 7 3 6 5 1 1 5 Tactical Retreats 8 | . . . . . . . 6 . . . 2 Traps | -11 -10 -10 -9 -9 -9 -8 -8 -7 -7 -7 -7 ------- Run | Yrd Mat Min Mat Min Exi Min Mat Fac Was Fac Gar Traps Triggered 13 | . 3 . 1 . . . . 1 . . 8 Indirectly . | . . . . . . . . . . . . Trap Hack Attempts . | . . . . . . . . . . . . Triggered . | . . . . . . . . . . . . Disarmed . | . . . . . . . . . . . . Reprogrammed . | . . . . . . . . . . . . Reused . | . . . . . . . . . . . . Traps Extracted . | . . . . . . . . . . . . Installed . | . . . . . . . . . . . . Triggered . | . . . . . . . . . . . . Machines | -11 -10 -10 -9 -9 -9 -8 -8 -7 -7 -7 -7 ---------- Run | Yrd Mat Min Mat Min Exi Min Mat Fac Was Fac Gar Machines Disabled 15 | . 2 . . 2 . . 4 4 . . 3 Max in Single Turn 2 | . 2 . . 2 . . 2 1 . . 1 Garrison Relay 3 | . . . . . . . . . . . 3 Machines Repaired . | . . . . . . . . . . . . Machines Dismantled . | . . . . . . . . . . . . Machines Sabotaged . | . . . . . . . . . . . . Overloaded Fab Kills . | . . . . . . . . . . . . Hacking | -11 -10 -10 -9 -9 -9 -8 -8 -7 -7 -7 -7 --------- Run | Yrd Mat Min Mat Min Exi Min Mat Fac Was Fac Gar Machines Accessed 21 | . 7 . . . 1 . 6 2 . 3 2 Terminals 15 | . 6 . . . . . 4 1 . 2 2 Fabricators . | . . . . . . . . . . . . Repair Stations 2 | . 1 . . . . . 1 . . . . Recycling Units 1 | . . . . . . . 1 . . . . Scanalyzers . | . . . . . . . . . . . . Garrison Access 2 | . . . . . . . . 1 . 1 . Total Hacks 43 | . 14 . . . 1 . 14 6 . 5 3 Successful 26 | . 10 . . . 1 . 9 2 . 3 1 Failed 17 | . 4 . . . . . 5 4 . 2 2 Catastrophic 4 | . 1 . . . . . . 1 . 1 1 Database Lockouts . | . . . . . . . . . . . . Manual 27 | . 11 . . . 1 . 9 3 . 3 . Terminals 30 | . 12 . . . . . 9 3 . 3 3 Fabricators . | . . . . . . . . . . . . Repair Stations 5 | . 2 . . . . . 3 . . . . Recycling Units 2 | . . . . . . . 2 . . . . Scanalyzers . | . . . . . . . . . . . . Garrison Access 5 | . . . . . . . . 3 . 2 . Terminal Hacks 5 | . 2 . . . 1 . 1 . . . 1 Unreport Threat 2 | . 1 . . . . . 1 . . . . Security Status 1 | . 1 . . . . . . . . . . Patrol Navigation 1 | . . . . . . . . . . . 1 Derelict Proto ID Bank 1 | . . . . . 1 . . . . . . Fabricator Hacks . | . . . . . . . . . . . . Repair Station Hacks 4 | . 2 . . . . . 2 . . . . Scan Component 2 | . 1 . . . . . 1 . . . . Repair 2 | . 1 . . . . . 1 . . . . Recycling Unit Hacks 1 | . . . . . . . 1 . . . . Retrieve Components 1 | . . . . . . . 1 . . . . Scanalyzer . | . . . . . . . . . . . . Garrison Access Hacks 1 | . . . . . . . . . . 1 . Unlock Access 1 | . . . . . . . . . . 1 . Unauthorized Hacks 15 | . 6 . . . . . 5 2 . 2 . Terminals 15 | . 6 . . . . . 5 2 . 2 . Botnet 4 | . 1 . . . . . 1 1 . 1 . Skim 11 | . 5 . . . . . 4 1 . 1 . Fabricators . | . . . . . . . . . . . . Repair Stations . | . . . . . . . . . . . . Recycling Units . | . . . . . . . . . . . . Scanalyzers . | . . . . . . . . . . . . Garrison Access . | . . . . . . . . . . . . Data Cores Recovered . | . . . . . . . . . . . . Used . | . . . . . . . . . . . . Hacking Detections 15 | . 5 . . . . . 4 2 . 3 1 Full Trace Events 1 | . . . . . . . . 1 . . . Feedback Events . | . . . . . . . . . . . . Feedback Blocked . | . . . . . . . . . . . . Robot Schematics Acquired . | . . . . . . . . . . . . Robots Built . | . . . . . . . . . . . . Authchips . | . . . . . . . . . . . . Time . | . . . . . . . . . . . . Total Robot Build Rating . | . . . . . . . . . . . . Part Schematics Acquired . | . . . . . . . . . . . . Parts Built . | . . . . . . . . . . . . Authchips . | . . . . . . . . . . . . Time . | . . . . . . . . . . . . Total Part Build Rating . | . . . . . . . . . . . . Parts Repaired 2 | . 1 . . . . . 1 . . . . Time 86 | . 26 . . . . . 60 . . . . Parts Recycled . | . . . . . . . . . . . . Recycled Matter . | . . . . . . . . . . . . Retrieved Matter . | . . . . . . . . . . . . Retrieved Components 9 | . . . . . . . 9 . . . . Parts Scanalyzed . | . . . . . . . . . . . . Part Schematics Acquired . | . . . . . . . . . . . . Parts Damaged . | . . . . . . . . . . . . Bothacking | -11 -10 -10 -9 -9 -9 -8 -8 -7 -7 -7 -7 ------------ Run | Yrd Mat Min Mat Min Exi Min Mat Fac Was Fac Gar Used RIF Installer . | . . . . . . . . . . . . Robots Hacked . | . . . . . . . . . . . . Non-combat . | . . . . . . . . . . . . Combat . | . . . . . . . . . . . . Robot Hacks Applied . | . . . . . . . . . . . . Relay Couplers Released 15 | . . . . . . . . . . . 15 Machine Destruction 15 | . . . . . . . . . . . 15 Fabnet Peak Effective % . | . . . . . . . . . . . . Robots Rewired . | . . . . . . . . . . . . Allies Hacked . | . . . . . . . . . . . . Hacks Repelled . | . . . . . . . . . . . . Allies | -11 -10 -10 -9 -9 -9 -8 -8 -7 -7 -7 -7 -------- Run | Yrd Mat Min Mat Min Exi Min Mat Fac Was Fac Gar Total Allies 3 | . . . . 3 . . . . . . . Largest Group 3 | . . . . 3 3 . . . . . . Highest-Rated Group 40 | . . . . 40 40 . . . . . . Highest-Rated Ally 16 | . . . . 16 16 . . . . . . Total Orders . | . . . . . . . . . . . . Ally Attacks 145 | . . . . 11 134 . . . . . . Total Damage 6003 | . . . . 140 5863 . . . . . . Kills 49 | . . . . 2 47 . . . . . . Allies Corrupted . | . . . . . . . . . . . . Allies Melted . | . . . . . . . . . . . . Turrets Deployed 3 | . . . . . 3 . . . . . . Intel | -11 -10 -10 -9 -9 -9 -8 -8 -7 -7 -7 -7 ------- Run | Yrd Mat Min Mat Min Exi Min Mat Fac Was Fac Gar Robot Analysis Total . | . . . . . . . . . . . . Derelict Logs Recovered 5 | . . 3 . 2 . . . . . . . Drone Launches . | . . . . . . . . . . . . Drone Recoveries . | . . . . . . . . . . . . Exploration | -11 -10 -10 -9 -9 -9 -8 -8 -7 -7 -7 -7 ------------- Run | Yrd Mat Min Mat Min Exi Min Mat Fac Was Fac Gar Turns Passed 15233 | . 2296 932 306 865 2336 329 3638 995 151 698 2687 Spaces Moved 4437 | 1 762 278 96 341 473 126 1080 272 63 269 676 Core 82 | . . . . . 81 . . . . . 1 Treads 3842 | . 578 278 96 341 392 126 1080 272 63 269 347 Legs 513 | 1 184 . . . . . . . . . 328 Wheels . | . . . . . . . . . . . . Hover . | . . . . . . . . . . . . Flight . | . . . . . . . . . . . . Fastest Speed 50 | 120 120 320 240 240 50 240 240 240 240 240 240 Average Speed 262 | 120 271 320 260 240 212 240 249 289 240 240 303 Slowest Speed 1500 | 120 320 320 320 240 480 240 480 570 240 240 1500 Overloaded Moves . | . . . . . . . . . . . . Propulsion Burnouts . | . . . . . . . . . . . . Robots Hopped 2 | . . . . . 2 . . . . . . Cave-ins Triggered . | . . . . . . . . . . . . Exploration Rate (%) 45 | 2 81 69 11 84 65 30 68 8 63 7 63 Regions Visited 11 Branch Regions 4 Pre-discovered Areas 1 | . 1 . . . . . . . . . . Known Exits Taken 5 | . . 1 1 . 1 1 . . . 1 . Unknown Exits Taken 4 | 1 1 . . 1 . . 1 . . . . Scrap Searched 2 | . . 1 . 1 . . . . . . . Spaces Dug 19 | . . . . 1 . . 16 . . . 2 Terrain Destroyed 160 | . 9 . 3 8 18 . 111 5 . . 6 Melee 2 | . . . . . . . 2 . . . . Projectile 37 | . . . 3 1 1 . 25 5 . . 2 AOE 121 | . 9 . . 7 17 . 84 . . . 4 Terrain Rammed . | . . . . . . . . . . . . Walls Destroyed . | . . . . . . . . . . . . Machines Disabled . | . . . . . . . . . . . . Actions | -11 -10 -10 -9 -9 -9 -8 -8 -7 -7 -7 -7 --------- Run | Yrd Mat Min Mat Min Exi Min Mat Fac Was Fac Gar Total 7176 | . 895 307 126 381 1746 140 1763 386 64 314 1054 Wait 2014 | . 52 19 10 34 1211 8 464 57 . 30 129 Move 4424 | . 761 277 95 340 468 125 1079 272 62 269 676 Hop 2 | . . . . . 2 . . . . . . Pick Up 52 | . 7 1 2 . 9 . 14 5 2 4 8 Fast Attach 50 | . 3 . 4 . 8 . 18 5 . 3 9 Attach 31 | . 3 . 1 . 5 1 9 3 . . 9 Detach 10 | . 1 . . . 1 . 4 . . . 4 Swap 25 | . 5 . . 3 1 . 12 1 . 1 2 Drop 54 | . 9 2 2 1 12 . 11 1 . 3 13 Fire 474 | . 54 8 12 3 29 6 149 42 . 4 167 Melee 8 | . . . . . . . 2 . . . 6 Ram . | . . . . . . . . . . . . Kick . | . . . . . . . . . . . . Crush 1 | . . . . . . . 1 . . . . Escape Stasis 31 | . . . . . . . . . . . 31 Rewire . | . . . . . . . . . . . . Trap . | . . . . . . . . . . . . Miscellaneous . | . . . . . . . . . . . . Route ------- -11/Scrapyard -10/Materials (discovered 5 exits: *Mat x3 / [*Min] / Sub) -10/Mines (discovered 2 exits: *Mat x2) -9/Materials (discovered 3 exits: Mat x2 / *Min) -9/Mines (discovered 2 exits: *Mat / *Exi) -9/Exiles -8/Mines -8/Materials (discovered 4 exits: *Fac x2 / [*Sto x2]) -7/Factory -7/Waste -7/Factory (discovered 2 exits: [*Low] / Gar) -7/Garrison (discovered 3 exits: [*Fac x3]) History --------- Turn | Location | Event 1 | -11/Scrapyard | Discovered new exit (range 0) 1 | -11/Scrapyard | Entered Materials 319 | -10/Materials | Build established: Mutant 541 | -10/Materials | Core integrity fell below 50% 635 | -10/Materials | Discovered new exit (range 16) 1584 | -10/Materials | Discovered new exit (range 16) 1841 | -10/Materials | Discovered new exit (range 16) 1889 | -10/Materials | Repaired Lgt. Treads 1926 | -10/Materials | Loaded intel: 1 repair station location 1951 | -10/Materials | Loaded intel: 8 terminal locations 1966 | -10/Materials | Identified exit to Subcaves 1966 | -10/Materials | Identified exit to Materials 1969 | -10/Materials | Learned location of Mines (-10) 1970 | -10/Materials | Learned location of 2 exits from Materials 1971 | -10/Materials | Learned Materials repair station intel 1972 | -10/Materials | Learned 4 Recycling zone layouts 2000 | -10/Materials | Learned Storage trap positions 2297 | -10/Materials | Entered Mines 2302 | -10/Mines | Met a Derelict bent on vengeance 2346 | -10/Mines | Learned Materials stockpile data 2512 | -10/Mines | Learned Materials stockpile data 2538 | -10/Mines | Received a Rocket Launcher from a helpful Derelict 2938 | -10/Mines | Assembled infested the area 3229 | -10/Mines | Entered Materials 3229 | -9/Materials | Evolved 2 slots: Propulsion x1, Weapon x1 3230 | -9/Materials | Identified exit to Mines 3231 | -9/Materials | Identified exit to Materials 3233 | -9/Materials | Loaded intel: 2 repair station locations 3535 | -9/Materials | Entered Mines 3692 | -9/Mines | YI-UF0 nonchalantly dropped a Grenade Launcher on the ground 3789 | -9/Mines | Build established: Tank 3843 | -9/Mines | Learned Materials trap positions 3867 | -9/Mines | Assisted by bots powering up and referring to "LRC-V3" 4021 | -9/Mines | Learned Materials security intel 4069 | -9/Mines | A weapon hastily lodged in a ceiling crevice suddenly fell to the ground 4334 | -9/Mines | Discovered exit to Materials (range 3) 4382 | -9/Mines | Deemed a non-threat by the Exiles lab entrance 4384 | -9/Mines | Discovered new exit (range 5) 4400 | -9/Mines | Entered Exiles 4400 | -9/Exiles | Accompanied by 3 allies 4401 | -9/Exiles | Identified exit to Mines 4460 | -9/Exiles | Met 8R-AWN 4501 | -9/Exiles | Met EX-HEX 4566 | -9/Exiles | Met EX-BIN 4597 | -9/Exiles | Aligned with FarCom system 4600 | -9/Exiles | Given EX-Vault access code 4657 | -9/Exiles | Opened EX-Vault 4672 | -9/Exiles | Found Deploy-a-Sentry 4675 | -9/Exiles | Found Deploy-a-Sentry 4678 | -9/Exiles | Found Deploy-a-Sentry 4730 | -9/Exiles | Warned to stay clear of 0b10 Research branches 4757 | -9/Exiles | Exiles lab attacked by MAIN.C 5033 | -9/Exiles | Destroyed 7 combat bots 5075 | -9/Exiles | DAS Turret deployed 5079 | -9/Exiles | DAS Turret deployed 5083 | -9/Exiles | DAS Turret deployed 5120 | -9/Exiles | Lost 5 parts (1p1n1u2w) 5780 | -9/Exiles | Build established: Mutant 6736 | -9/Exiles | Entered Mines 7045 | -8/Mines | Discovered exit to Materials (range 8) 7065 | -8/Mines | Entered Materials 7065 | -8/Materials | Evolved 2 slots: Utility x2 7066 | -8/Materials | Loaded intel: 23 trap records 7199 | -8/Materials | Build established: Scavenger-Skirmisher 7640 | -8/Materials | Garrison activated, responded to threat 8017 | -8/Materials | Discovered new exit (range 14) 8316 | -8/Materials | Discovered new exit (range 9) 9101 | -8/Materials | Discovered new exit (range 3) 9482 | -8/Materials | Discovered new exit (range 16) 9846 | -8/Materials | Repaired Hvy. EM Shotgun 10203 | -8/Materials | System corruption reached 10% 10215 | -8/Materials | Lost 4 parts (1n1u2w) 10265 | -8/Materials | First assault squad dispatched 10393 | -8/Materials | Core integrity fell below 50% 10703 | -8/Materials | Entered Factory 10703 | -7/Factory | Evolved 2 slots: Utility x2 10748 | -7/Factory | Build established: Scavenger-Mutant 11374 | -7/Factory | Build established: Scavenger-Tank 11395 | -7/Factory | Garrison activated, responded to threat 11504 | -7/Factory | Destroyed 12 combat bots 11508 | -7/Factory | Lost 5 parts (2n2u1w) 11698 | -7/Factory | Sucked down chute 11698 | -7/Factory | Entered Waste 11698 | -7/Waste | The area was eerily silent 11758 | -7/Waste | Found Damper Plating 11806 | -7/Waste | Build established: Scavenger-Skirmisher 11807 | -7/Waste | Discovered new exit (range 15) 11828 | -7/Waste | A Compactor rumbled back to life 11828 | -7/Waste | Spotted C-40 Crusher 11849 | -7/Waste | Entered Factory 12201 | -7/Factory | Build established: Scavenger-Gunner 12391 | -7/Factory | Discovered new exit (range 5) 12547 | -7/Factory | Identified exit to Garrison 12547 | -7/Factory | Entered Garrison 12721 | -7/Garrison | Build established: Scavenger-Tank 12799 | -7/Garrison | Triggered checkpoint 12868 | -7/Garrison | Garrison Relay disabled 13190 | -7/Garrison | Triggered checkpoint 13266 | -7/Garrison | Core integrity fell below 50% 13293 | -7/Garrison | Lost 3 parts (1n1u1w) 13520 | -7/Garrison | Discovered new exit (range 10) 13558 | -7/Garrison | Build established: Scavenger-Skirmisher 13626 | -7/Garrison | Triggered checkpoint 13708 | -7/Garrison | Garrison Relay disabled 13935 | -7/Garrison | Triggered checkpoint 14270 | -7/Garrison | Build established: Scavenger-Mutant 14285 | -7/Garrison | Triggered checkpoint 14461 | -7/Garrison | Triggered checkpoint 14573 | -7/Garrison | Garrison Relay disabled 14899 | -7/Garrison | Discovered new exit (range 12) 15200 | -7/Garrison | Discovered new exit (range 15) 15224 | -7/Garrison | Core integrity fell below 20% 15234 | -7/Garrison | Destroyed by Y-54 Guardian with Gatling Laser Last Messages --------------- 14810_ Acquired PD Laser. 14814_ Dropped Flak Gun. 14825_ Acquired Relay Coupler [Specialist]. 14830_ Acquired Relay Coupler [NC]. 14899_ EXIT=FOUND 14947_ ALERT: Garrison interior compromised. 15020_ Destroyed Lgt. Nuclear Core. 15064_ Dropped PD Laser. 15077_ Destroyed Imp. Heat Sink. 15077_ G-47 Trooper destroyed. 15080_ Acquired 20 matter. 15097_ ALERT: Garrison interior compromised. 15200_ EXIT=FOUND 15210_ Y-54 Guardian Flak Gun severed. 15214_ Acquired Flak Gun. 15225_ Imp. Heavy Treads destroyed. 15226_ Imp. Heat Sink destroyed. 15228_ Transmission Jammer destroyed. 15229_ Flak Gun destroyed. 15232_ Aluminum Leg destroyed. Map ----- +----------------------------------------------------+ | | | | | | | | | | | | | | | ?????????????????????????????????????????????????? | | ?????????????????????????????????????????????????? | | ?????????????????????????????????????????????????? | | ?????????????????????????????????????????????????? | | ?????????????????????????????????????????????????? | | ?????????????????????????????????????????????????? | | ?????????????????????????????????????????????????? | | ?????????????????????????????????????????????????? | | ??????????????????????######?????????????????????? | | ??????????????????????? #?????????????????????? | | ???????????????????????< #?????????????????????? | | ??????????????????????? #?????????????????????? | | ???????????????????????# #?????????????????????? | | ???????????????????????# #?????????????????????? | | ???????????????????????# g#?????????????????????? | | ???????????????????????# g#?????????????????????? | | ???????????????????????# g #?????????????????????? | | ???????????????????????# #?????????????????????? | | ???????????????????????#g@Y#?????????????????????? | | ???????????????????????# ##????????????????????? | | ???????????????????????# #????????????????????? | | ???????????????????????# ##????????????????????? | | ???????????????????????# #?????????????????????? | | ???????????????????????# #?????????????????????? | | ???????????????????????# #?????????????????????? | | ???????????????????????# #?????????????????????? | | ??????????????????Y????# #?????????????????????? | | ???????????????????????# #?????????????????????? | | ???????????????????????# #?????????????????????? | | ???????????????????????# #?????????????????????? | | ???????????????????????# #?????????????????????? | | ???????????????????????# #???s?????????????????? | | ###????????????????????# #???s?????????????????? | | #????????????????????# #???s?????????????????? | | #????????????????????# #?????????????????????? | | #???????????????###### ###### #??????????????? | | #???????????????# #??????????????? | | #???????????????# #### ########??????????????? | | #???????????????# #??# #?????????????????????? | | #???????????????# #?## #?????????????????????? | | #######?????????# #?# #?????????????????????? | | ## #?????????# #?# #?????????????????????? | | ## =########### #### #?????????????????????? | +----------------------------------------------------+ Best States ------------- Heat Dissipation 48 Energy Generation 16 Energy Capacity 290 Matter Stores 300 Matter Capacity 300 Sight Range 16 Terrain Scan Density 10 Jamming Range 12 Additional Mass Support 12 Armor Coverage 225 Core Shielding 20 Weapon Cycling 15 Evasion (%) 55 Target Analysis 5 Recoil Reduction 3 Item Schematics ----------------- None Robot Schematics ------------------ None Fabricated ------------ Nothing Alien Tech Used ----------------- None Achievements -------------- Sniper Challenges ------------ None Game ------ Seed SuperchargedThrusterHumpback Manual? 0 Play Time 01:21:59 Cumulative 78.0 hours Start 2024.10.23 @ 16:24:31 End 2024.10.24 @ 14:19:31 Sessions 4 Manual Loads 0 Difficulty Rogue Special Mode None Game No. 73 Rogue 55 Adventurer 16 Explorer 2 Win Type - Total 1 Types 1/0/0/0/0/0/0/0/0 Lore% 20 Gallery% 47 Achievement% 41 Wizard Run 0 Options --------- Layout 2 ASCII 0 Keyboard 0 Movement Mouse Keybinds 1 Fullscreen 2 Font 24/Terminus Map View 50x44 Zoom Use 0% Tactical HUD 1 Map Filters NONE Filters NONE Steam X RUN: 0f429bbd-30d0-4d75-92c5-844219c3047e